 Dungeon Crawl Stone Soup version 0.21.1-1-g345015f (webtiles) character file.

1059 microfolk the Changer (level 8, -6/68 HPs)
             Began as a Pale Draconian Transmuter on May 12, 2018.
             Was an Initiate of Fedhas.
             Killed from afar by an orc wizard (10 damage)
             ... with a puff of frost
             ... on level 5 of the Dungeon.
             The game lasted 00:16:03 (6079 turns).

microfolk the Changer (Pale Draconian Transmuter)   Turns: 6079, Time: 00:16:04

Health: -6/68      AC:  2    Str: 13    XL:     8   Next: 6%
Magic:  0/11       EV: 18    Int: 21    God:    Fedhas [......]
Gold:   295        SH:  0    Dex: 17    Spells: 5/11 levels left

rFire    . . .     SeeInvis .     - Unarmed
rCold    . . .     Gourm    .   (shield currently unavailable)
rNeg     . . .     Faith    .   (armour unavailable)
rPois    x         Spirit   .   (helmet currently unavailable)
rElec    .         Reflect  .   (cloak currently unavailable)
rCorr    .         Harm     .   (gloves currently unavailable)
MR       .....                  (boots currently unavailable)
Stlth    ++........             (no amulet)
HPRegen  0.21/turn              i - +6 ring of intelligence
MPRegen  0.12/turn              (no ring)

@: spider-form (expiring), heavily drained
A: tiny, (breathe steam), unfitting armour, AC +6
a: End Transformation, Fungal Bloom, Renounce Religion


You were on level 5 of the Dungeon.
You worshipped Fedhas.
Fedhas was noncommittal.
You were very hungry.
You were a venomous arachnid creature.
You visited 2 branches of the dungeon, and saw 7 of its levels.
You also visited: Sewer.

You collected 295 gold pieces.

Inventory:

Hand Weapons
 b - a +0 hunting sling
Missiles
 a - 74 arrows
 e - 225 stones (quivered)
 l - 4 tomahawks of returning
 y - 2 poisoned tomahawks
 z - a throwing net
Jewellery
 i - a +6 ring of intelligence (left front leg)
Wands
 m - a wand of random effects (24)
 t - a wand of disintegration (9)
Scrolls
 f - 2 scrolls of remove curse {@r2}
 p - a scroll of random uselessness {unknown}
 s - 2 scrolls of teleportation
 A - 2 scrolls of magic mapping
Potions
 d - a potion of degeneration {unknown}
 g - 2 potions of flight
 h - a potion of lignification
 j - 2 potions of heal wounds
 k - a potion of ambrosia
 n - 7 potions of agility
 o - 3 potions of curing
 q - a potion of invisibility {unknown}
 r - 2 potions of cancellation {unknown}
 u - a potion of magic {unknown}
 v - 2 potions of might {unknown}
 x - a potion of haste {unknown}
Books
 w - a book of Changes

   Spells                             Type                      Level
   a - Beastly Appendage              Transmutation                1
   b - Sticks to Snakes               Transmutation                2
   c - Spider Form                    Transmutation/Poison         3
   d - Ice Form                       Ice/Transmutation            4
   e - Blade Hands                    Transmutation                5
Comestibles
 c - 8 rations


   Skills:
 + Level 5.1(3.6) Fighting
 - Level 2.1(0.7) Dodging
 + Level 5.5(3.9) Unarmed Combat
 - Level 2.2(0.8) Spellcasting
 * Level 6.6(5.1) Transmutations


You had 5 spell levels left.
You knew the following spells:

 Your Spells              Type           Power        Failure   Level  Hunger
a - Beastly Appendage     Tmut           ###...       8%          1    ##.....
b - Sticks to Snakes      Tmut           ###.....     11%         2    ###....
c - Spider Form           Tmut/Pois      ##........   36%         3    ####...


Dungeon Overview and Level Annotations

Branches:
Dungeon (6/15)             Temple (1/1) D:6

Altars:
Ashenzari
Cheibriados
Dithmenos
Elyvilon
Fedhas
Gozag
Hepliaklqana
Kikubaaqudgha
Makhleb
Nemelex Xobeh
Okawaru
Qazlal
Ru
Sif Muna
Trog
Uskayaw
Vehumet
Xom
Yredelemnul
Zin
The Shining One

Annotations:
D:5 exclusion: downstairs


Innate Abilities, Weirdness & Mutations

((You can breathe blasts of scalding, opaque steam.))
((Your pale cyan-grey scales are hard. (AC +6)))
You cannot fit into any form of body armour.
((You are cold-blooded and may be slowed by cold attacks.))


Message History

You hit something. Something closely misses you. Something barely misses you.
You barely miss something.
Your transformation is almost over.
Something hits you.
You feel drained.
* * * LOW HITPOINT WARNING * * *
You hit something but do no damage. Something hits you.
* * * LOW HITPOINT WARNING * * *
You feel drained.
* * * LOW HITPOINT WARNING * * *
You barely miss something.
You hear some strange, mumbled words.
A puff of frost appears from out of thin air!
The puff of frost hits you!
* * * LOW HITPOINT WARNING * * *
You hit something.
You hear some strange, mumbled words.
A puff of frost appears from out of thin air!
The puff of frost hits you!
You die...
Fedhas appreciates your contribution to the ecosystem.

##.........# #.##......##### ##
...........# #....#.##.....###.
#..........# ##.###.######.##..
...........######.....# #.#...
.##...............##..# #.....
.###############......#######....
.# #......................
.##########.####.###..####...#...
.##.........# #s# #....####.....
....############{# #.....# ###...
....# ##...# ####..# #... ....#
#..### #..### #... ....# ###.##
#....# #... #####
#...#########....###...
##.####...##............ #..#
#......###..#####. #.## #...####
#..# ##


There were no monsters in sight!

Vanquished Creatures
  An orc warrior (D:6)
  2 sky beasts (D:6)
  A bullfrog (D:6)
  A howler monkey (D:4)
  A crimson imp (D:6)
  3 hounds
  An orc priest (D:2)
  3 orc wizards
  An iguana (D:6)
  2 worker ants
  A hound skeleton (D:6)
  A worker ant zombie (D:6)
  Robin (D:3)
  4 gnolls
  4 adders
  A howler monkey skeleton (D:6)
  A shadow imp (D:5)
  An ooze (D:1)
  An adder skeleton (D:4)
  4 worms
  A dart slug (D:1)
  5 leopard geckos
  8 orcs
  5 bats
  9 giant cockroaches
  13 goblins
  10 hobgoblins
  3 jackals
  14 kobolds
  A quokka (D:6)
  3 ball pythons
  5 frilled lizards
  A quokka skeleton (D:4)
  11 rats
124 creatures vanquished.

Vanquished Creatures (collateral kills)
  A centaur (D:5)
  A crocodile (Sewer)
2 creatures vanquished.

Vanquished Creatures (others)
  12 toadstools
12 creatures vanquished.

Grand Total: 138 creatures vanquished

Notes
Turn   | Place    | Note
-------+----------+-------------------------------------------
     0 | D:1      | microfolk the Draconian Transmuter began the quest for the Orb.
     0 | D:1      | Reached XP level 1. HP: 16/16 MP: 3/3
   150 | D:1      | Reached XP level 2. HP: 20/23 MP: 5/5
   158 | D:1      | Learned a level 2 spell: Sticks to Snakes
   442 | D:1      | Reached XP level 3. HP: 29/29 MP: 6/6
   447 | D:1      | Learned a level 3 spell: Spider Form
  1268 | D:2      | Reached skill level 3 in Transmutations
  1268 | D:2      | Reached XP level 4. HP: 13/36 MP: 4/7
  2264 | D:3      | Found a glowing drain.
  2311 | Sewer    | Entered a sewer
  2325 | Sewer    | Reached XP level 5. HP: 42/42 MP: 6/8
  2409 | Sewer    | Noticed a crocodile
  2421 | Sewer    | Killed a crocodile
  2666 | D:3      | Noticed Robin
  2703 | D:3      | Killed Robin
  2813 | D:3      | Reached skill level 4 in Transmutations
  2833 | D:3      | Found a shimmering altar of Xom.
  3385 | D:4      | Reached XP level 6. HP: 46/51 MP: 5/9
  4259 | D:5      | Entered Level 5 of the Dungeon
  4309 | D:5      | Reached skill level 5 in Transmutations
  4587 | D:5      | Found an opulent altar of Gozag.
  4600 | D:5      | Your scales start taking on a pale cyan-grey colour.
  4600 | D:5      | Reached XP level 7. HP: 14/59 MP: 2/10
  4874 | D:6      | Found a staircase to the Ecumenical Temple.
  4887 | Temple   | Entered the Ecumenical Temple
  4957 | Temple   | Became a worshipper of Fedhas Madash
  5610 | D:6      | Reached skill level 5 in Unarmed Combat
  5649 | D:6      | Reached skill level 6 in Transmutations
  5853 | D:5      | Reached skill level 5 in Fighting
  6066 | D:6      | Reached XP level 8. HP: 37/68 MP: 2/11
  6078 | D:5      | HP: 3/68 [something/puff of frost (10)]
  6079 | D:5      | Killed from afar by an orc wizard

Skill      XL: |  1  2  3  4  5  6  7 |
---------------+----------------------+-----
Dodging        | 2 |  2.1
Fighting       | 2 3 4 5 |  5.1
Transmutations | 3 4 5 6 |  6.6
Unarmed Combat | 4 5 |  5.5
Spellcasting   | |  2.2

Action                   |  1- 3 |  4- 6 |  7- 9 || total
-------------------------+-------+-------+-------++-------
Melee: Unarmed           |   106 |   203 |    82 ||   391
       Tailslap          |    12 |     6 |     2 ||    20
       Headbutt          |     5 |     8 |     1 ||    14
       Punch             |     1 |     2 |     2 ||     5
       Kick              |     5 |     3 |       ||     8
 Fire: Hunting sling     |       |     5 |    13 ||    18
Throw: Stone             |     1 |     4 |       ||     5
 Cast: Beastly Appendage |    18 |    13 |     2 ||    33
       Spider Form       |     1 |    18 |     9 ||    28
       Sticks to Snakes  |       |     4 |     5 ||     9
Invok: Fungal Bloom      |       |       |     5 ||     5
 Abil: End Transformatio |       |     1 |       ||     1
  Use: Scroll            |     4 |     9 |       ||    13
  Eat: Chunk             |     2 |    12 |     2 ||    16
       Ration            |       |       |     1 ||     1
Armor: Skin              |    37 |    28 |    12 ||    77
Dodge: Dodged            |    66 |   135 |    52 ||   253
